Coyotes vs Canucks
(R1)
Created - 18 avril 2015 at 19:19
Goals
|
Coyotes |
2 |
1 |
2 |
5 |
Canucks |
1 |
2 |
0 |
3 |
|
Shots
|
Coyotes |
12 |
8 |
12 |
32 |
Canucks |
10 |
15 |
14 |
39 |
|
1st period
1. Coyotes , Tim Connolly 1 (Andy Sutton, Marian Gaborik) at 1:26
2. Coyotes , Chris Stewart 1 (Saku Koivu, Sergei Gonchar) at 12:24
3. Canucks , Clarke MacArthur 4 (Antti Miettinen, Karl Alzner) at 19:48
Penalties :
Frans Nielsen (Ari) for Tripping (Minor) at 2:59, Tyler Ennis (Ari) for Hooking (Minor) at 10:15, Peter Worrell (Van) for Holding (Minor) at 17:06
2nd period
4. Coyotes , Sergei Gonchar 1 (Tim Connolly, Denis Grebeshkov) at 8:30 (PP)
5. Canucks , Clarke MacArthur 5 (Alex Goligoski) at 15:41
6. Canucks , Tomas Plekanec 1 (Clarke MacArthur, Antti Miettinen) at 15:49
Penalties :
Peter Worrell (Van) for Hooking (Minor) at 2:34, Peter Worrell (Van) for Hooking (Minor) at 8:18, Sergei Gonchar (Ari) for Hooking (Minor) at 9:28, Jaromir Jagr (Van) for Boarding (Minor) at 13:36
3rd period
7. Coyotes , Tim Connolly 2 (Marian Gaborik) at 9:54 (PP)
8. Coyotes , Erik Cole 2 (Kurt Sauer) at 19:48 (Empty Net)
Penalties :
Marian Gaborik (Ari) for Roughing (Minor) at 2:08, Kim Johnsson (Van) for Tripping (Minor) at 4:42, Tomas Plekanec (Van) for Holding (Minor) at 9:05, Jaromir Jagr (Van) for Hooking (Minor) at 10:03, Clarke MacArthur (Van) for Slashing (Minor) at 13:02
Goalie Stats
Ryan Miller (Ari), 36 saves from 39 shots - (0,923), W, 2-1-0, 60:00 minutes
Carey Price (Van), 27 saves from 31 shots - (0,871), L, 1-1-1, 59:08 minutes
Players Stats for Coyotes
Player Name G A P +/- PIM S H SB GA TA FO MP PP MP PK MP
------------------------------------------------------------------------------------
Adrian Aucoin 0 0 0 -1 0 3 3 1 0 1 0/0 20:26 0:05 4:18
Andy Sutton 0 1 1 0 0 2 0 0 0 1 0/0 14:40 0:00 3:47
Anton Stralman 0 0 0 -2 0 0 0 0 0 0 0/0 21:08 5:15 3:38
Chad Larose 0 0 0 0 0 0 0 0 0 0 0/0 2:14 0:00 0:59
Chris Stewart 1 0 1 1 0 4 1 0 1 0 1/1 18:12 5:36 0:00
Denis Grebeshkov 0 1 1 2 0 3 1 0 0 1 0/0 24:39 7:40 0:22
Erik Christensen 0 0 0 -1 0 3 2 1 0 0 5/9 17:24 5:15 2:38
Erik Cole 1 0 1 0 0 1 3 1 0 0 0/1 14:26 0:00 3:09
Frans Nielsen 0 0 0 -2 2 0 1 1 1 0 5/10 18:30 5:36 2:54
Kurt Sauer 0 1 1 0 0 0 1 0 0 1 0/0 14:51 0:00 3:56
Marian Gaborik 0 2 2 0 2 4 0 1 0 1 1/2 24:19 7:19 1:58
Pavel Brendl 0 0 0 1 0 1 0 0 0 0 1/1 9:13 0:00 0:00
Saku Koivu 0 1 1 1 0 1 1 0 1 0 1/8 15:13 5:36 0:26
Sami Kapanen 0 0 0 -1 0 0 0 0 0 0 0/0 7:53 0:00 0:00
Sergei Gonchar 1 1 2 1 2 2 2 1 0 0 0/0 18:43 7:40 0:00
Shawn Thornton 0 0 0 -2 0 1 4 0 0 0 0/0 11:59 0:05 3:09
Tim Connolly 2 1 3 1 0 4 1 0 0 0 11/29 17:48 7:14 0:00
Tyler Ennis 0 0 0 2 2 3 0 1 0 1 0/1 20:22 7:14 0:30
Players Stats for Canucks
Player Name G A P +/- PIM S H SB GA TA FO MP PP MP PK MP
------------------------------------------------------------------------------------
Alex Goligoski 0 1 1 0 0 1 2 0 0 0 0/0 29:00 5:01 7:48
Alex Tanguay 0 0 0 -1 0 1 0 2 0 1 0/0 11:43 0:14 2:20
Antti Miettinen 0 2 2 1 0 1 1 0 0 0 1/2 13:57 3:58 0:00
Clarke MacArthur 2 1 3 2 2 3 2 1 1 0 0/1 17:03 3:58 2:46
David Jones 0 0 0 -1 0 2 0 0 0 0 0/0 9:11 0:14 0:00
Jaromir Jagr 0 0 0 0 4 8 0 0 0 0 8/9 22:33 3:44 5:04
Jason Chimera 0 0 0 0 0 0 0 0 0 0 0/0 6:15 0:00 0:00
Karl Alzner 0 1 1 1 0 2 0 1 0 0 0/0 10:48 0:00 0:43
Kim Johnsson 0 0 0 -1 2 0 0 1 1 0 0/0 20:21 2:55 4:24
Kyle Cumiskey 0 0 0 1 0 2 1 0 0 0 0/0 10:05 0:00 0:00
Matt Stajan 0 0 0 -1 0 11 4 1 1 0 14/27 24:31 3:44 7:08
Maxim Lapierre 0 0 0 0 0 1 1 0 0 0 8/10 13:28 0:00 4:39
Nikolai Zherdev 0 0 0 -1 0 3 1 0 1 0 0/0 6:48 0:14 0:00
Peter Worrell 0 0 0 -1 6 1 1 0 1 1 1/3 19:11 3:44 2:09
Ryan Craig 0 0 0 0 0 0 1 0 0 0 2/2 7:53 0:00 1:31
Sami Lepisto 0 0 0 -1 0 2 0 0 0 0 0/0 21:09 2:55 5:11
Tom Poti 0 0 0 0 0 0 0 2 1 1 0/0 28:46 5:01 7:44
Tomas Plekanec 1 0 1 2 2 1 3 0 0 0 3/8 14:15 3:58 0:13
3 Stars
1 - Clarke MacArthur (Van)
2 - Tim Connolly (Ari)
3 - Sergei Gonchar (Ari)
Power Play
Coyotes - 2 on 8 Attempt(s) - 25,00%
Canucks - 0 on 4 Attempt(s) - 0,00%
Penalty Kill
Coyotes - 4 on 4 Attempt(s) - 100,00%
- Score 0 goal in Penalty Kill
Canucks - 6 on 8 Attempt(s) - 75,00%
- Score 0 goal in Penalty Kill
Team Stat
Coyotes - Hits : 20 - Faceoff Wins : 25 - Blocked Shots : 7 - Penalty Minutes : 8
Canucks - Hits : 17 - Faceoff Wins : 37 - Blocked Shots : 8 - Penalty Minutes : 16
Official
Referees : StLaurent Francois and Lee Chris
Linesman : Michel Cormier and Derek Nansen
Game Notes
Chad Larose is injured at 7:04 of 1st period (Torso)
Erik Cole has scored in a empty net!
Finance
Level 1 -- Attendance: 6000 (100,00%) -- Ticket Income 516 000 $
Level 2 -- Attendance: 5000 (100,00%) -- Ticket Income 245 000 $
Level 3 -- Attendance: 2000 (100,00%) -- Ticket Income 60 000 $
Level 4 -- Attendance: 4000 (100,00%) -- Ticket Income 68 000 $
Luxury Box -- Attendance: 1000 (100,00%) -- Ticket Income 100 000 $
Game was played at the Budweiser Coliseum'
Total Attendance: 18000 (100,00%)
Total Ticket Income: 989 000 $
Other Income: 148 350 $
Total Income: 1 137 350 $
Coyotes
5 vs 5 Forward
Center Left Wing Right Wing Time % Phy DF OF
1 Tim Connolly Tyler Ennis Marian Gaborik 34 0 1 4
2 Frans Nielsen Erik Cole Chad Larose 27 1 2 2
3 Saku Koivu Pavel Brendl Chris Stewart 23 1 1 3
4 Erik Christensen Shawn Thornton Sami Kapanen 16 2 2 1
5 vs 5 Defense
Defense Defense Time % Phy DF OF
1 Denis Grebeshkov Adrian Aucoin 37 1 2 2
2 Kurt Sauer Anton Stralman 34 1 3 1
3 Andy Sutton Sergei Gonchar 28 1 3 1
4 Sergei Gonchar Denis Grebeshkov 1 1 1 3
PowerPlay Forward
Center Left Wing Right Wing Time % Phy DF OF
1 Tim Connolly Tyler Ennis Marian Gaborik 57 0 0 5
2 Saku Koivu Frans Nielsen Chris Stewart 43 0 0 5
PowerPlay Defense
Defense Defense Time % Phy DF OF
1 Denis Grebeshkov Sergei Gonchar 57 0 0 5
2 Anton Stralman Erik Christensen 43 0 0 5
Penalty Kill 4 Players Forward
Center Wing Time % Phy DF OF
1 Frans Nielsen Chad Larose 54 0 5 0
2 Marian Gaborik Erik Cole 46 0 5 0
Penalty Kill 4 Players Defense
Defense Defense Time % Phy DF OF
1 Adrian Aucoin Kurt Sauer 54 0 5 0
2 Anton Stralman Andy Sutton 46 0 5 0
Penalty Kill - 3 Players Forward
Forward Time % Phy DF OF
1 Chad Larose 52 0 5 0
2 Frans Nielsen 48 0 5 0
Penalty Kill - 3 Players Defense
Defense Defense Time % Phy DF OF
1 Kurt Sauer Adrian Aucoin 52 0 5 0
2 Anton Stralman Andy Sutton 48 0 5 0
4 vs 4 Forward
Center Wing Time % Phy DF OF
1 Tim Connolly Marian Gaborik 52 1 2 2
2 Frans Nielsen Chad Larose 48 1 3 1
4 vs 4 Defense
Defense Defense Time % Phy DF OF
1 Adrian Aucoin Anton Stralman 52 1 3 1
2 Denis Grebeshkov Kurt Sauer 48 1 3 1
Last Minutes Offensive
Center Left Wing Right Wing Defense Defense
Tim Connolly Tyler Ennis Marian Gaborik Denis Grebeshkov Adrian Aucoin
Last Minutes Defensive
Center Left Wing Right Wing Defense Defense
Chad Larose Erik Cole Marian Gaborik Denis Grebeshkov Kurt Sauer
Goaltenders
Starting : Ryan Miller
Backup : Marc Denis
Extra Forwards
Normal : Marian Gaborik, Tyler Ennis, Chris Stewart - PP : Marian Gaborik, Chris Stewart - PK : Chad Larose
Extra Defensemen
Normal : Denis Grebeshkov, Adrian Aucoin, Anton Stralman - PP : Denis Grebeshkov - PK : Kurt Sauer, Adrian Aucoin
Penalty Shots
Marian Gaborik, Tyler Ennis, Chad Larose, Saku Koivu, Tim Connolly
Canucks
5 vs 5 Forward
Center Left Wing Right Wing Time % Phy DF OF
1 Matt Stajan Peter Worrell Jaromir Jagr 40 1 2 2
2 Tomas Plekanec Clarke MacArthur Antti Miettinen 30 1 2 2
3 Maxim Lapierre Alex Tanguay David Jones 20 1 2 2
4 Ryan Craig Jason Chimera Nikolai Zherdev 10 1 2 2
5 vs 5 Defense
Defense Defense Time % Phy DF OF
1 Alex Goligoski Tom Poti 40 1 2 2
2 Kim Johnsson Sami Lepisto 30 1 2 2
3 Kyle Cumiskey Karl Alzner 20 1 2 2
4 Alex Goligoski Tom Poti 10 1 2 2
PowerPlay Forward
Center Left Wing Right Wing Time % Phy DF OF
1 Matt Stajan Peter Worrell Jaromir Jagr 60 1 2 2
2 Tomas Plekanec Clarke MacArthur Antti Miettinen 40 1 2 2
PowerPlay Defense
Defense Defense Time % Phy DF OF
1 Alex Goligoski Tom Poti 60 1 2 2
2 Kim Johnsson Sami Lepisto 40 1 2 2
Penalty Kill 4 Players Forward
Center Wing Time % Phy DF OF
1 Jaromir Jagr Matt Stajan 60 1 2 2
2 Peter Worrell Clarke MacArthur 40 1 2 2
Penalty Kill 4 Players Defense
Defense Defense Time % Phy DF OF
1 Alex Goligoski Tom Poti 60 1 2 2
2 Kim Johnsson Sami Lepisto 40 1 2 2
Penalty Kill - 3 Players Forward
Forward Time % Phy DF OF
1 Jaromir Jagr 60 1 2 2
2 Matt Stajan 40 1 2 2
Penalty Kill - 3 Players Defense
Defense Defense Time % Phy DF OF
1 Alex Goligoski Tom Poti 60 1 2 2
2 Kim Johnsson Sami Lepisto 40 1 2 2
4 vs 4 Forward
Center Wing Time % Phy DF OF
1 Jaromir Jagr Matt Stajan 60 1 2 2
2 Peter Worrell Clarke MacArthur 40 1 2 2
4 vs 4 Defense
Defense Defense Time % Phy DF OF
1 Alex Goligoski Tom Poti 60 1 2 2
2 Kim Johnsson Sami Lepisto 40 1 2 2
Last Minutes Offensive
Center Left Wing Right Wing Defense Defense
Matt Stajan Peter Worrell Jaromir Jagr Alex Goligoski Tom Poti
Last Minutes Defensive
Center Left Wing Right Wing Defense Defense
Matt Stajan Peter Worrell Jaromir Jagr Alex Goligoski Tom Poti
Goaltenders
Starting : Carey Price
Backup : Brent Krahn
Extra Forwards
Normal : Alex Tanguay, David Jones, Maxim Lapierre - PP : Alex Tanguay, David Jones - PK : Maxim Lapierre
Extra Defensemen
Normal : Kyle Cumiskey, Karl Alzner, Kim Johnsson - PP : Kyle Cumiskey - PK : Karl Alzner, Kim Johnsson
Penalty Shots
Jaromir Jagr, Matt Stajan, Peter Worrell, Clarke MacArthur, Tomas Plekanec
% Time on Ice - Coyotes
Lines # - Real PCT - Wanted PCT - Time Play
Normal Forward
1 - 28% - 34% - 10:56
2 - 30% - 27% - 11:29
3 - 21% - 23% - 8:06
4 - 21% - 16% - 7:53
Normal Defense
1 - 39% - 37% - 14:51
2 - 34% - 34% - 12:56
3 - 25% - 28% - 9:27
4 - 3% - 1% - 1:10
PP Forward
1 - 57% - 57% - 7:19
2 - 43% - 43% - 5:36
PP Defense
1 - 59% - 57% - 7:40
2 - 41% - 43% - 5:15
PK Forward
1 - 70% - 54% - 5:32
2 - 30% - 46% - 2:24
PK Defense
1 - 54% - 54% - 4:18
2 - 46% - 46% - 3:38
PK3 Forward
1 - 0% - 52%
2 - 0% - 48%
PK3 Defense
1 - 0% - 52%
2 - 0% - 48%
44 Forward
1 - 0% - 52%
2 - 0% - 48%
44 Defense
1 - 0% - 52%
2 - 0% - 48%
Last Minute Offensive - 0:00
Last Minute Defensive - 0:45
Total
Forward - 60:00
Defense - 60:00
|
% Time on Ice - Canucks
Lines # - Real PCT - Wanted PCT - Time Play
Normal Forward
1 - 35% - 40% - 13:27
2 - 26% - 30% - 10:00
3 - 23% - 20% - 8:38
4 - 16% - 10% - 6:15
Normal Defense
1 - 39% - 40% - 14:50
2 - 34% - 30% - 13:03
3 - 26% - 20% - 10:05
4 - 1% - 10% - 0:22
PP Forward
1 - 50% - 60% - 3:58
2 - 50% - 40% - 3:58
PP Defense
1 - 63% - 60% - 5:01
2 - 37% - 40% - 2:55
PK Forward
1 - 73% - 60% - 9:26
2 - 27% - 40% - 3:29
PK Defense
1 - 60% - 60% - 7:44
2 - 40% - 40% - 5:11
PK3 Forward
1 - 0% - 60%
2 - 0% - 40%
PK3 Defense
1 - 0% - 60%
2 - 0% - 40%
44 Forward
1 - 0% - 60%
2 - 0% - 40%
44 Defense
1 - 0% - 60%
2 - 0% - 40%
Last Minute Offensive - 0:49
Last Minute Defensive - 0:00
Total
Forward - 60:00
Defense - 60:00
|
Play by Play
1st period
0:01 of 1st period - Tim Connolly wins face-off versus Matt Stajan in neutral zone.
0:27 of 1st period - Tom Poti is hit by Adrian Aucoin and loses puck.
0:51 of 1st period - Snap shot by Jaromir Jagr.
0:51 of 1st period - Stopped by Ryan Miller without a rebound.
0:52 of 1st period - Erik Christensen wins face-off versus Tomas Plekanec in Coyotes zone.
0:52 of 1st period - Erik Christensen is hit by Antti Miettinen.
1:18 of 1st period - Slapshot by Tim Connolly.
1:18 of 1st period - Shot Misses the Net.
1:20 of 1st period - Wrist shot by Andy Sutton.
1:20 of 1st period - Stopped by Carey Price with a rebound.
1:22 of 1st period - Snap shot by Marian Gaborik.
1:22 of 1st period - Stopped by Carey Price with a rebound.
1:24 of 1st period - Slapshot by Andy Sutton.
1:24 of 1st period - Shot Blocked by Kim Johnsson.
1:26 of 1st period - Snap shot by Tim Connolly.
1:26 of 1st period - Goal by Tim Connolly - Coyotes : 1 - Canucks : 0.
1:27 of 1st period - Frans Nielsen wins face-off versus Maxim Lapierre in neutral zone.
1:30 of 1st period - Snap shot by Erik Cole.
1:30 of 1st period - Shot Misses the Net.
2:37 of 1st period - Slapshot by Jaromir Jagr.
2:37 of 1st period - Stopped by Ryan Miller without a rebound.
2:38 of 1st period - Frans Nielsen wins face-off versus Matt Stajan in Coyotes zone.
2:51 of 1st period - Slapshot by Jaromir Jagr.
2:51 of 1st period - Stopped by Ryan Miller with a rebound.
2:53 of 1st period - Wrist shot by Jaromir Jagr.
2:53 of 1st period - Shot Blocked by Erik Cole.
2:59 of 1st period - Minor Penalty to Frans Nielsen for Tripping.
3:00 of 1st period - Erik Christensen wins face-off versus Matt Stajan in Coyotes zone.
3:05 of 1st period - Alex Goligoski is hit by Adrian Aucoin and loses puck.
4:22 of 1st period - Kim Johnsson is hit by Adrian Aucoin and loses puck.
4:51 of 1st period - Erik Cole is hit by Nikolai Zherdev and loses puck.
4:59 of 1st period - Penalty to Frans Nielsen is over, Frans Nielsen is back on ice.
5:20 of 1st period - Wrist shot by Chris Stewart.
5:20 of 1st period - Stopped by Carey Price with a rebound.
5:22 of 1st period - Slapshot by Andy Sutton.
5:22 of 1st period - Stopped by Carey Price with a rebound.
6:38 of 1st period - Alex Goligoski is hit by Chris Stewart and loses puck.
6:51 of 1st period - Slapshot by Chris Stewart.
6:51 of 1st period - Shot Misses the Net.
6:53 of 1st period - Snap shot by Marian Gaborik.
6:53 of 1st period - Stopped by Carey Price with a rebound.
7:03 of 1st period - Chad Larose is hit by Clarke MacArthur and loses puck.
7:04 of 1st period - Chad Larose from Coyotes is injured at 7:04 of 1st period (Torso).
7:05 of 1st period - Tim Connolly wins face-off versus Matt Stajan in Coyotes zone.
7:07 of 1st period - Marian Gaborik is hit by Matt Stajan and loses puck.
7:22 of 1st period - Wrist shot by Tim Connolly.
7:22 of 1st period - Shot Misses the Net.
7:34 of 1st period - Frans Nielsen is hit by Tomas Plekanec and loses puck.
7:43 of 1st period - Wrist shot by Clarke MacArthur.
7:43 of 1st period - Stopped by Ryan Miller with a rebound.
7:57 of 1st period - Snap shot by Adrian Aucoin.
7:57 of 1st period - Stopped by Carey Price without a rebound.
7:58 of 1st period - Matt Stajan wins face-off versus Erik Christensen in Canucks zone.
8:05 of 1st period - Wrist shot by Erik Christensen.
8:05 of 1st period - Shot Misses the Net.
8:55 of 1st period - Snap shot by Alex Tanguay.
8:55 of 1st period - Shot Misses the Net.
9:53 of 1st period - Wrist shot by Clarke MacArthur.
9:53 of 1st period - Deflect By Tomas Plekanec.
9:53 of 1st period - Shot Blocked by Frans Nielsen.
9:53 of 1st period - Puck is out of play.
9:54 of 1st period - Matt Stajan wins face-off versus Erik Cole in Coyotes zone.
10:15 of 1st period - Minor Penalty to Tyler Ennis for Hooking.
10:16 of 1st period - Matt Stajan wins face-off versus Frans Nielsen in Coyotes zone.
10:19 of 1st period - Slapshot by Peter Worrell.
10:19 of 1st period - Deflect By Jaromir Jagr.
10:19 of 1st period - Stopped by Ryan Miller with a rebound.
11:15 of 1st period - Antti Miettinen is hit by Erik Cole and loses puck.
12:15 of 1st period - Penalty to Tyler Ennis is over, Tyler Ennis is back on ice.
12:22 of 1st period - Snap shot by Saku Koivu.
12:22 of 1st period - Shot Misses the Net.
12:24 of 1st period - Slapshot by Chris Stewart.
12:24 of 1st period - Goal by Chris Stewart - Coyotes : 2 - Canucks : 0.
12:25 of 1st period - Maxim Lapierre wins face-off versus Tim Connolly in neutral zone.
12:30 of 1st period - Slapshot by David Jones.
12:30 of 1st period - Stopped by Ryan Miller with a rebound.
12:38 of 1st period - Snap shot by David Jones.
12:38 of 1st period - Stopped by Ryan Miller with a rebound.
12:40 of 1st period - Wrist shot by Alex Tanguay.
12:40 of 1st period - Shot Misses the Net.
13:40 of 1st period - Snap shot by Nikolai Zherdev.
13:40 of 1st period - Shot Misses the Net.
14:43 of 1st period - Wrist shot by Saku Koivu.
14:43 of 1st period - Shot Blocked by Matt Stajan.
15:05 of 1st period - Snap shot by Nikolai Zherdev.
15:05 of 1st period - Stopped by Ryan Miller without a rebound.
15:06 of 1st period - Tim Connolly wins face-off versus Tomas Plekanec in Coyotes zone.
15:39 of 1st period - Icing by Antti Miettinen.
15:40 of 1st period - Tomas Plekanec wins face-off versus Erik Christensen in Canucks zone.
15:40 of 1st period - Tomas Plekanec is hit by Shawn Thornton.
15:52 of 1st period - Wrist shot by Antti Miettinen.
15:52 of 1st period - Stopped by Ryan Miller without a rebound.
15:53 of 1st period - Matt Stajan wins face-off versus Tim Connolly in Coyotes zone.
16:51 of 1st period - Snap shot by Chris Stewart.
16:51 of 1st period - Stopped by Carey Price with a rebound.
16:53 of 1st period - Slapshot by Marian Gaborik.
16:53 of 1st period - Deflect By Antti Miettinen.
16:53 of 1st period - Stopped by Carey Price without a rebound.
16:54 of 1st period - Frans Nielsen wins face-off versus Matt Stajan in Canucks zone.
17:01 of 1st period - Snap shot by Frans Nielsen.
17:01 of 1st period - Shot Misses the Net.
17:06 of 1st period - Minor Penalty to Peter Worrell for Holding.
17:07 of 1st period - Tim Connolly wins face-off versus Jaromir Jagr in Canucks zone.
17:11 of 1st period - Snap shot by Tim Connolly.
17:11 of 1st period - Stopped by Carey Price with a rebound.
17:13 of 1st period - Slapshot by Denis Grebeshkov.
17:13 of 1st period - Deflect By Alex Goligoski.
17:13 of 1st period - Stopped by Carey Price with a rebound.
17:33 of 1st period - Jaromir Jagr is hit by Sergei Gonchar and loses puck.
19:06 of 1st period - Penalty to Peter Worrell is over, Peter Worrell is back on ice.
19:27 of 1st period - Nikolai Zherdev is hit by Erik Cole and loses puck.
19:46 of 1st period - Snap shot by Clarke MacArthur.
19:46 of 1st period - Shot Misses the Net.
19:48 of 1st period - Snap shot by Clarke MacArthur.
19:48 of 1st period - Goal by Clarke MacArthur - Coyotes : 2 - Canucks : 1.
19:49 of 1st period - Tim Connolly wins face-off versus Matt Stajan in neutral zone.
Goals for this period are 2 for Coyotes vs 1 for Canucks.
Shots for this period are 12 for Coyotes vs 10 for Canucks.
2nd period
0:01 of 2nd period - Matt Stajan wins face-off versus Tim Connolly in neutral zone.
0:06 of 2nd period - Wrist shot by Jaromir Jagr.
0:06 of 2nd period - Stopped by Ryan Miller with a rebound.
0:08 of 2nd period - Slapshot by Matt Stajan.
0:08 of 2nd period - Stopped by Ryan Miller with a rebound.
0:10 of 2nd period - Snap shot by Matt Stajan.
0:10 of 2nd period - Stopped by Ryan Miller with a rebound.
0:12 of 2nd period - Snap shot by Jaromir Jagr.
0:12 of 2nd period - Shot Blocked by Tyler Ennis.
0:14 of 2nd period - Snap shot by Matt Stajan.
0:14 of 2nd period - Stopped by Ryan Miller with a rebound.
0:56 of 2nd period - Slapshot by Maxim Lapierre.
0:56 of 2nd period - Stopped by Ryan Miller without a rebound.
0:57 of 2nd period - Maxim Lapierre wins face-off versus Erik Christensen in Coyotes zone.
1:08 of 2nd period - Slapshot by Denis Grebeshkov.
1:08 of 2nd period - Deflect By Alex Goligoski.
1:08 of 2nd period - Stopped by Carey Price with a rebound.
1:22 of 2nd period - Slapshot by Sami Kapanen.
1:22 of 2nd period - Shot Blocked by Alex Tanguay.
1:24 of 2nd period - Slapshot by Sergei Gonchar.
1:24 of 2nd period - Stopped by Carey Price without a rebound.
1:25 of 2nd period - Tim Connolly wins face-off versus Matt Stajan in Canucks zone.
1:40 of 2nd period - Slapshot by Matt Stajan.
1:40 of 2nd period - Stopped by Ryan Miller with a rebound.
1:50 of 2nd period - Sergei Gonchar is hit by Ryan Craig and loses puck.
2:09 of 2nd period - Wrist shot by Tim Connolly.
2:09 of 2nd period - Stopped by Carey Price without a rebound.
2:10 of 2nd period - Peter Worrell wins face-off versus Saku Koivu in Canucks zone.
2:10 of 2nd period - Peter Worrell is hit by Kurt Sauer.
2:34 of 2nd period - Minor Penalty to Peter Worrell for Hooking.
2:35 of 2nd period - Jaromir Jagr wins face-off versus Tyler Ennis in Canucks zone.
2:52 of 2nd period - Sergei Gonchar is hit by Matt Stajan.
3:36 of 2nd period - Icing by Anton Stralman.
3:37 of 2nd period - Jaromir Jagr wins face-off versus Tim Connolly in Coyotes zone.
4:34 of 2nd period - Penalty to Peter Worrell is over, Peter Worrell is back on ice.
4:53 of 2nd period - Icing by Nikolai Zherdev.
4:54 of 2nd period - Ryan Craig wins face-off versus Frans Nielsen in Canucks zone.
4:59 of 2nd period - Snap shot by Tomas Plekanec.
4:59 of 2nd period - Shot Misses the Net.
5:39 of 2nd period - Slapshot by Sami Lepisto.
5:39 of 2nd period - Stopped by Ryan Miller with a rebound.
7:24 of 2nd period - Adrian Aucoin is hit by Tomas Plekanec.
7:28 of 2nd period - Tim Connolly is hit by Clarke MacArthur.
7:47 of 2nd period - Kurt Sauer is hit by Alex Goligoski and loses puck.
8:18 of 2nd period - Minor Penalty to Peter Worrell for Hooking.
8:19 of 2nd period - Jaromir Jagr wins face-off versus Tim Connolly in Canucks zone.
8:30 of 2nd period - Slapshot by Sergei Gonchar.
8:30 of 2nd period - Goal by Sergei Gonchar - Coyotes : 3 - Canucks : 1.
8:31 of 2nd period - Tim Connolly wins face-off versus Matt Stajan in neutral zone.
9:13 of 2nd period - Snap shot by Peter Worrell.
9:13 of 2nd period - Deflect By Matt Stajan.
9:13 of 2nd period - Stopped by Ryan Miller with a rebound.
9:15 of 2nd period - Slapshot by Peter Worrell.
9:15 of 2nd period - Deflect By Pavel Brendl.
9:15 of 2nd period - Stopped by Ryan Miller with a rebound.
9:21 of 2nd period - Wrist shot by Jaromir Jagr.
9:21 of 2nd period - Stopped by Ryan Miller without a rebound.
9:22 of 2nd period - Tomas Plekanec wins face-off versus Tim Connolly in Coyotes zone.
9:28 of 2nd period - Minor Penalty to Sergei Gonchar for Hooking.
9:29 of 2nd period - Frans Nielsen wins face-off versus Tomas Plekanec in Coyotes zone.
10:51 of 2nd period - Frans Nielsen is hit by Matt Stajan and loses puck.
11:06 of 2nd period - Alex Goligoski is hit by Erik Christensen.
11:16 of 2nd period - Clarke MacArthur is hit by Erik Cole and loses puck.
11:28 of 2nd period - Penalty to Sergei Gonchar is over, Sergei Gonchar is back on ice.
11:43 of 2nd period - Slapshot by Maxim Lapierre.
11:43 of 2nd period - Shot Blocked by Erik Christensen.
12:19 of 2nd period - Snap shot by Tyler Ennis.
12:19 of 2nd period - Stopped by Carey Price with a rebound.
12:37 of 2nd period - Wrist shot by Maxim Lapierre.
12:37 of 2nd period - Shot Misses the Net.
12:49 of 2nd period - Nikolai Zherdev is hit by Shawn Thornton and loses puck.
13:24 of 2nd period - Snap shot by Saku Koivu.
13:24 of 2nd period - Stopped by Carey Price without a rebound.
13:25 of 2nd period - Saku Koivu wins face-off versus Matt Stajan in Canucks zone.
13:34 of 2nd period - Slapshot by Alex Goligoski.
13:34 of 2nd period - Stopped by Ryan Miller without a rebound.
13:35 of 2nd period - Matt Stajan wins face-off versus Tim Connolly in Coyotes zone.
13:36 of 2nd period - Snap shot by Jaromir Jagr.
13:36 of 2nd period - Stopped by Ryan Miller without a rebound.
13:36 of 2nd period - Minor Penalty to Jaromir Jagr for Boarding.
13:37 of 2nd period - Maxim Lapierre wins face-off versus Tim Connolly in Canucks zone.
13:46 of 2nd period - Snap shot by Matt Stajan.
13:46 of 2nd period - Shot Blocked by Marian Gaborik.
13:48 of 2nd period - Backhand shot by Alex Goligoski.
13:48 of 2nd period - Deflect By Matt Stajan.
13:48 of 2nd period - Stopped by Ryan Miller with a rebound.
15:36 of 2nd period - Penalty to Jaromir Jagr is over, Jaromir Jagr is back on ice.
15:41 of 2nd period - Snap shot by Clarke MacArthur.
15:41 of 2nd period - Goal by Clarke MacArthur - Coyotes : 3 - Canucks : 2.
15:42 of 2nd period - Antti Miettinen wins face-off versus Frans Nielsen in neutral zone.
15:49 of 2nd period - Slapshot by Tomas Plekanec.
15:49 of 2nd period - Goal by Tomas Plekanec - Coyotes : 3 - Canucks : 3.
15:50 of 2nd period - Matt Stajan wins face-off versus Tim Connolly in neutral zone.
16:01 of 2nd period - Snap shot by Tim Connolly.
16:01 of 2nd period - Shot Blocked by Tom Poti.
16:34 of 2nd period - Kim Johnsson is hit by Shawn Thornton.
16:40 of 2nd period - Adrian Aucoin is hit by Maxim Lapierre and loses puck.
17:34 of 2nd period - Snap shot by Erik Christensen.
17:34 of 2nd period - Shot Hit the Post.
17:36 of 2nd period - Snap shot by Erik Christensen.
17:36 of 2nd period - Stopped by Carey Price without a rebound.
17:37 of 2nd period - Erik Christensen wins face-off versus Matt Stajan in Canucks zone.
17:57 of 2nd period - Off-side.
17:58 of 2nd period - Tim Connolly wins face-off versus Tomas Plekanec in neutral zone.
18:09 of 2nd period - Wrist shot by Marian Gaborik.
18:09 of 2nd period - Shot Misses the Net.
18:31 of 2nd period - Frans Nielsen is hit by Alex Goligoski and loses puck.
18:44 of 2nd period - Kyle Cumiskey is hit by Erik Christensen and loses puck.
18:53 of 2nd period - Snap shot by Sami Kapanen.
18:53 of 2nd period - Shot Misses the Net.
18:55 of 2nd period - Wrist shot by Shawn Thornton.
18:55 of 2nd period - Stopped by Carey Price with a rebound.
19:23 of 2nd period - Snap shot by Adrian Aucoin.
19:23 of 2nd period - Shot Blocked by Karl Alzner.
Goals for this period are 1 for Coyotes vs 2 for Canucks.
Shots for this period are 8 for Coyotes vs 15 for Canucks.
3rd period
0:01 of 3rd period - Tim Connolly wins face-off versus Matt Stajan in neutral zone.
0:16 of 3rd period - Denis Grebeshkov is hit by Peter Worrell.
0:38 of 3rd period - Snap shot by Antti Miettinen.
0:38 of 3rd period - Shot Blocked by Adrian Aucoin.
1:38 of 3rd period - Wrist shot by Matt Stajan.
1:38 of 3rd period - Stopped by Ryan Miller with a rebound.
1:40 of 3rd period - Wrist shot by Peter Worrell.
1:40 of 3rd period - Shot Misses the Net.
1:42 of 3rd period - Snap shot by Jaromir Jagr.
1:42 of 3rd period - Stopped by Ryan Miller with a rebound.
2:08 of 3rd period - Minor Penalty to Marian Gaborik for Roughing.
2:09 of 3rd period - Matt Stajan wins face-off versus Frans Nielsen in Coyotes zone.
3:12 of 3rd period - Anton Stralman is hit by Tomas Plekanec and loses puck.
3:37 of 3rd period - Snap shot by Tyler Ennis.
3:37 of 3rd period - Shot Blocked by Tom Poti.
4:02 of 3rd period - Denis Grebeshkov is hit by Matt Stajan and loses puck.
4:08 of 3rd period - Penalty to Marian Gaborik is over, Marian Gaborik is back on ice.
4:23 of 3rd period - Off-side.
4:24 of 3rd period - Maxim Lapierre wins face-off versus Saku Koivu in neutral zone.
4:33 of 3rd period - Wrist shot by Chris Stewart.
4:33 of 3rd period - Shot Blocked by Alex Tanguay.
4:35 of 3rd period - Slapshot by Andy Sutton.
4:35 of 3rd period - Deflect By Saku Koivu.
4:35 of 3rd period - Shot Misses the Net.
4:35 of 3rd period - Puck is out of play.
4:36 of 3rd period - Maxim Lapierre wins face-off versus Tim Connolly in Canucks zone.
4:42 of 3rd period - Minor Penalty to Kim Johnsson for Tripping.
4:43 of 3rd period - Jaromir Jagr wins face-off versus Tim Connolly in Canucks zone.
4:43 of 3rd period - Jaromir Jagr is hit by Tim Connolly.
4:57 of 3rd period - Snap shot by Marian Gaborik.
4:57 of 3rd period - Stopped by Carey Price without a rebound.
4:58 of 3rd period - Jaromir Jagr wins face-off versus Tim Connolly in Canucks zone.
6:42 of 3rd period - Penalty to Kim Johnsson is over, Kim Johnsson is back on ice.
7:06 of 3rd period - Icing by Ryan Craig.
7:07 of 3rd period - Tomas Plekanec wins face-off versus Saku Koivu in Canucks zone.
7:21 of 3rd period - Icing by Kyle Cumiskey.
7:22 of 3rd period - Frans Nielsen wins face-off versus Clarke MacArthur in Canucks zone.
7:33 of 3rd period - Erik Cole is hit by Kyle Cumiskey and loses puck.
8:02 of 3rd period - Wrist shot by Tomas Plekanec.
8:02 of 3rd period - Shot Misses the Net.
8:04 of 3rd period - Snap shot by Kyle Cumiskey.
8:04 of 3rd period - Shot Misses the Net.
8:06 of 3rd period - Wrist shot by Antti Miettinen.
8:06 of 3rd period - Shot Misses the Net.
8:08 of 3rd period - Slapshot by Kyle Cumiskey.
8:08 of 3rd period - Stopped by Ryan Miller without a rebound.
8:09 of 3rd period - Matt Stajan wins face-off versus Saku Koivu in Coyotes zone.
8:12 of 3rd period - Wrist shot by Matt Stajan.
8:12 of 3rd period - Shot Misses the Net.
8:14 of 3rd period - Wrist shot by Peter Worrell.
8:14 of 3rd period - Shot Misses the Net.
8:16 of 3rd period - Slapshot by Matt Stajan.
8:16 of 3rd period - Stopped by Ryan Miller with a rebound.
8:18 of 3rd period - Snap shot by Jaromir Jagr.
8:18 of 3rd period - Shot Misses the Net.
8:20 of 3rd period - Wrist shot by Jaromir Jagr.
8:20 of 3rd period - Deflect By Matt Stajan.
8:20 of 3rd period - Stopped by Ryan Miller without a rebound.
8:21 of 3rd period - Pavel Brendl wins face-off versus Matt Stajan in Coyotes zone.
8:28 of 3rd period - Snap shot by Adrian Aucoin.
8:28 of 3rd period - Stopped by Carey Price with a rebound.
9:05 of 3rd period - Minor Penalty to Tomas Plekanec for Holding.
9:06 of 3rd period - Jaromir Jagr wins face-off versus Tim Connolly in Canucks zone.
9:06 of 3rd period - Jaromir Jagr is hit by Sergei Gonchar.
9:22 of 3rd period - Slapshot by Denis Grebeshkov.
9:22 of 3rd period - Shot Misses the Net.
9:40 of 3rd period - Snap shot by Frans Nielsen.
9:40 of 3rd period - Deflect By Chris Stewart.
9:40 of 3rd period - Shot Blocked by Clarke MacArthur.
9:40 of 3rd period - Puck is out of play.
9:41 of 3rd period - Marian Gaborik wins face-off versus Peter Worrell in Canucks zone.
9:42 of 3rd period - Wrist shot by Tyler Ennis.
9:42 of 3rd period - Stopped by Carey Price without a rebound.
9:43 of 3rd period - Tim Connolly wins face-off versus Peter Worrell in Canucks zone.
9:54 of 3rd period - Slapshot by Tim Connolly.
9:54 of 3rd period - Goal by Tim Connolly - Coyotes : 4 - Canucks : 3.
9:55 of 3rd period - Tim Connolly wins face-off versus Matt Stajan in neutral zone.
10:00 of 3rd period - Wrist shot by Adrian Aucoin.
10:00 of 3rd period - Stopped by Carey Price without a rebound.
10:01 of 3rd period - Matt Stajan wins face-off versus Tim Connolly in Canucks zone.
10:03 of 3rd period - Minor Penalty to Jaromir Jagr for Hooking.
10:04 of 3rd period - Matt Stajan wins face-off versus Marian Gaborik in Canucks zone.
11:16 of 3rd period - Icing by Anton Stralman.
11:17 of 3rd period - Ryan Craig wins face-off versus Saku Koivu in Coyotes zone.
12:03 of 3rd period - Penalty to Jaromir Jagr is over, Jaromir Jagr is back on ice.
12:05 of 3rd period - Ryan Craig is hit by Saku Koivu.
12:09 of 3rd period - Wrist shot by Alex Goligoski.
12:09 of 3rd period - Deflect By Ryan Craig.
12:09 of 3rd period - Shot Blocked by Sergei Gonchar.
12:09 of 3rd period - Puck is out of play.
12:10 of 3rd period - Erik Christensen wins face-off versus Antti Miettinen in Coyotes zone.
12:21 of 3rd period - Snap shot by Erik Christensen.
12:21 of 3rd period - Stopped by Carey Price with a rebound.
12:23 of 3rd period - Snap shot by Erik Christensen.
12:23 of 3rd period - Stopped by Carey Price without a rebound.
12:24 of 3rd period - Matt Stajan wins face-off versus Tim Connolly in Canucks zone.
12:24 of 3rd period - Matt Stajan is hit by Denis Grebeshkov.
12:36 of 3rd period - Snap shot by Matt Stajan.
12:36 of 3rd period - Stopped by Ryan Miller with a rebound.
12:38 of 3rd period - Wrist shot by Peter Worrell.
12:38 of 3rd period - Shot Hit the Post.
12:40 of 3rd period - Snap shot by Peter Worrell.
12:40 of 3rd period - Shot Misses the Net.
12:55 of 3rd period - Slapshot by Sami Lepisto.
12:55 of 3rd period - Deflect By Adrian Aucoin.
12:55 of 3rd period - Stopped by Ryan Miller with a rebound.
13:02 of 3rd period - Minor Penalty to Clarke MacArthur for Slashing.
13:03 of 3rd period - Jaromir Jagr wins face-off versus Tim Connolly in Canucks zone.
13:13 of 3rd period - Slapshot by Denis Grebeshkov.
13:13 of 3rd period - Stopped by Carey Price without a rebound.
13:14 of 3rd period - Jaromir Jagr wins face-off versus Tim Connolly in Canucks zone.
13:42 of 3rd period - Tom Poti is hit by Frans Nielsen and loses puck.
15:02 of 3rd period - Penalty to Clarke MacArthur is over, Clarke MacArthur is back on ice.
15:21 of 3rd period - Snap shot by Nikolai Zherdev.
15:21 of 3rd period - Stopped by Ryan Miller with a rebound.
15:23 of 3rd period - Slapshot by Kyle Cumiskey.
15:23 of 3rd period - Stopped by Ryan Miller with a rebound.
15:27 of 3rd period - Snap shot by Nikolai Zherdev.
15:27 of 3rd period - Stopped by Ryan Miller with a rebound.
15:29 of 3rd period - Slapshot by Karl Alzner.
15:29 of 3rd period - Stopped by Ryan Miller without a rebound.
15:30 of 3rd period - Maxim Lapierre wins face-off versus Frans Nielsen in Coyotes zone.
16:04 of 3rd period - Snap shot by Ryan Craig.
16:04 of 3rd period - Shot Misses the Net.
16:06 of 3rd period - Slapshot by Karl Alzner.
16:06 of 3rd period - Deflect By Andy Sutton.
16:06 of 3rd period - Stopped by Ryan Miller with a rebound.
16:27 of 3rd period - Snap shot by Tomas Plekanec.
16:27 of 3rd period - Shot Misses the Net.
17:07 of 3rd period - Off-side.
17:08 of 3rd period - Erik Christensen wins face-off versus Tomas Plekanec in neutral zone.
17:11 of 3rd period - Clarke MacArthur is hit by Shawn Thornton and loses puck.
17:23 of 3rd period - Off-side.
17:24 of 3rd period - Maxim Lapierre wins face-off versus Tim Connolly in neutral zone.
17:33 of 3rd period - Wrist shot by Alex Tanguay.
17:33 of 3rd period - Stopped by Ryan Miller with a rebound.
17:55 of 3rd period - Wrist shot by Marian Gaborik.
17:55 of 3rd period - Deflect By Tyler Ennis.
17:55 of 3rd period - Stopped by Carey Price without a rebound.
17:56 of 3rd period - Matt Stajan wins face-off versus Saku Koivu in Canucks zone.
18:05 of 3rd period - Slapshot by Matt Stajan.
18:05 of 3rd period - Stopped by Ryan Miller without a rebound.
18:06 of 3rd period - Matt Stajan wins face-off versus Saku Koivu in Coyotes zone.
18:18 of 3rd period - Snap shot by Chris Stewart.
18:18 of 3rd period - Stopped by Carey Price with a rebound.
18:20 of 3rd period - Snap shot by Pavel Brendl.
18:20 of 3rd period - Stopped by Carey Price with a rebound.
18:22 of 3rd period - Slapshot by Kurt Sauer.
18:22 of 3rd period - Deflect By Chris Stewart.
18:22 of 3rd period - Shot Misses the Net.
18:22 of 3rd period - Puck is out of play.
18:23 of 3rd period - Maxim Lapierre wins face-off versus Erik Christensen in Canucks zone.
18:56 of 3rd period - Canucks, Carey Price is pulled from the net.
19:48 of 3rd period - Snap shot by Erik Cole.
19:48 of 3rd period - Goal by Erik Cole - Coyotes : 5 - Canucks : 3.
19:48 of 3rd period - Carey Price from Canucks was sent back in the game.
19:49 of 3rd period - Chris Stewart wins face-off versus Maxim Lapierre in neutral zone.
Goals for this period are 2 for Coyotes vs 0 for Canucks.
Shots for this period are 12 for Coyotes vs 14 for Canucks.
Output by the SimonT Hockey Simulator (STHS) for François Prévost -- Original Page W3C XHTML 1.0 Valid